 Dungeon Crawl Stone Soup version 0.27-a0-1196-g3e9cee4cb2 (webtiles) character file.

Game seed: 1571023695269450560

543 mordus the Magician (level 7, 0/50 HPs)
             Began as a Djinni Ice Elementalist on May 28, 2021.
             Slain by a centaur zombie (4 damage)
             ... on level 4 of the Dungeon.
             The game lasted 00:15:47 (5424 turns).

mordus the Magician (Djinni Ice Elementalist)       Turns: 5424, Time: 00:15:48

Health: 0/50       AC:  7    Str:  7    XL:     7   Next: 52%
Gold:   110        EV: 13    Int: 19    God:
                   SH:  0    Dex: 13

rFire    + + .     SeeInvis .   d - +0 whip
rCold    x . .     Faith    .   (no shield)
rNeg     . . .     Spirit   .   a - +0 robe
rPois    ∞         Reflect  .   n - +0 helmet
rElec    .         Harm     .   (no cloak)
rCorr    .         Rampage  .   (no gloves)
Will     .....                  (boots unavailable)
Stlth    ++........             (no amulet)
HPRegen  0.16/turn              m - +4 ring of protection
MPRegen  0.00/turn              (no ring)

@: flying
A: sickness immunity, fire resistance 2, cold vulnerability 1, float, innate
caster, hp casting, extra vitality 1
a: no special abilities


You were on level 4 of the Dungeon.
You visited 1 branch of the dungeon, and saw 4 of its levels.

You collected 110 gold pieces.

Inventory:

Hand Weapons
 d - a +0 whip (weapon)
Armour
 a - a +0 robe (worn)
 n - a +0 helmet (worn)
Jewellery
 m - a +4 ring of protection (left hand)
Wands
 p - a wand of flame (6)
Scrolls
 b - a scroll of fear {unknown}
 c - 4 scrolls of teleportation {unknown}
 e - a scroll of enchant armour {unknown}
 f - 3 scrolls of identify {unknown}
 h - 2 scrolls of amnesia {unknown}
 i - a scroll of immolation {unknown}
 j - a scroll of silence {unknown}
 k - a scroll of noise {unknown}
Potions
 g - a potion of curing {unknown}
 o - a potion of degeneration {unknown}
Miscellaneous
 l - a piece from Xom's chessboard (15/15)


   Skills:
 + Level 3.4 Fighting
 + Level 4.5 Dodging
 - Level 1.5 Stealth
 * Level 5.2 Spellcasting


You couldn't memorise any spells.
You knew the following spells:

 Your Spells              Type           Power      Damage    Failure   Level
a - Freeze                Ice            100%       1d11      1%          1
b - Frozen Ramparts       Ice            50%        1d7       4%          3
c - Ozocubu's Armour      Ice            25%        N/A       4%          3
d - Hailstorm             Conj/Ice       25%        3d7       14%         4
e - Metabolic Englaciati  Hex/Ice        12%        N/A       36%         5
f - Summon Small Mammal   Summ           100%       N/A       1%          1
g - Call Imp              Summ           25%        N/A       2%          2
h - Gell's Gravitas       Tloc           12%        N/A       4%          3
Your spell library was empty.

Dungeon Overview and Level Annotations

Branches:
Dungeon (4/15)
 Temple: D:4-7

Altars:
Hepliaklqana
Kikubaaqudgha
Sif Muna
Xom

Shops:
D:4 =:


Innate Abilities, Weirdness & Mutations

You are immune to sickness and miasma.
You are immune to poison.
Your flesh is very heat resistant. (rF++)
You are vulnerable to cold. (rC-)
You float through the air rather than walking.
You learn spells naturally, not from books.
Your magical power is your life essence.
You have superior vitality. (+4 HP)


Message History

The centaur zombie closely misses you. The centaur zombie barely misses you.
The phantom hits your shadow imp.
Unknown command.
You hit the centaur zombie.
The centaur zombie is moderately damaged.
The centaur zombie closely misses you.
The centaur zombie kicks you but does no damage.
Your quokka closely misses the phantom.
The centaur zombie hits you but does no damage.
The centaur zombie kicks you but does no damage.
Your shadow imp hits the phantom but does no damage.
Casting: Summon Small Mammal (safe; 1% risk of failure)
Confirm with . or Enter, or press ? or * to list all spells.
* * * LOW HITPOINT WARNING * * *
Your quokka bites the phantom.
The phantom barely misses you. The centaur zombie barely misses you.
The centaur zombie kicks you but does no damage.
Your shadow imp barely misses the phantom.
You hit the centaur zombie but do no damage.
The centaur zombie is moderately damaged.
Your quokka misses the phantom. The centaur zombie closely misses you.
The centaur zombie kicks you but does no damage.
The phantom hits you.
* * * LOW HITPOINT WARNING * * *
The phantom blinks!
You blink.
Your crimson imp hits the centaur zombie.
The centaur zombie closely misses your quokka.
The centaur zombie barely misses your quokka.
Your quokka bites the centaur zombie. x2
The centaur zombie completely misses your quokka.
The centaur zombie kicks your quokka but does no damage.
Your crimson imp hits the centaur zombie.
You swap places.
Your quokka bites the centaur zombie.
The centaur zombie closely misses your quokka.
The centaur zombie kicks your quokka.
Your crimson imp hits the centaur zombie.
You hit the centaur zombie.
The centaur zombie is almost destroyed.
The centaur zombie hits you.
You die...

###.#########
............#
............#
#.......∩.....#
#....(........#
#..$#####..<#.##
........5r#...##
#....#55Z.....#
♣.#....@##....#
♣....Wr.>....#
.....#.###.....##
♣♣..♣#.#........#
♣.. #.#........#
.. ♣#.#........#
♣......###.##
♣♣#.#.......#
♣...........#


You could see a phantom (ally target), a centaur zombie (ally target), a
friendly crimson imp (summoned), a friendly white imp (summoned), a friendly
shadow imp (summoned) and 2 friendly quokkas.

Vanquished Creatures
  2 ogres (D:4)
  A hound (D:3)
  2 orc wizards
  10 adders
  An adder skeleton (D:4)
  2 dart slugs (D:1)
  9 orcs
  8 ball pythons
  2 bats
  7 endoplasms
  2 giant cockroaches
  A goblin (D:1)
  4 hobgoblins
  9 jackals
  3 kobolds (D:1)
  6 quokkas
  A frilled lizard (D:3)
  4 rats
  A butterfly (D:3)
75 creatures vanquished.

Vanquished Creatures (collateral kills)
  A necrophage (D:4)
  A bullfrog zombie (D:3)
  A hound zombie (D:4)
  A worm (D:2)
  2 ball pythons
  An endoplasm (D:4)
  A giant cockroach (D:1)
  A goblin (D:4)
  A hobgoblin (D:4)
  A jackal (D:4)
  A kobold (D:1)
  A frilled lizard (D:1)
13 creatures vanquished.

Grand Total: 88 creatures vanquished

Notes
Turn   | Place    | Note
-------+----------+-------------------------------------------
     0 | D:1      | mordus the Djinni Ice Elementalist began the quest for the
                  | Orb.
     0 | D:1      | Reached XP level 1. HP: 15/15 MP: 0/0
   171 | D:1      | Found Kucrewon's Armour Shoppe.
   436 | D:1      | Reached XP level 2. HP: 19/22 MP: 0/0
   582 | D:1      | Found a faded altar of an unknown god.
   784 | D:1      | Reached skill level 1 in Fighting
   787 | D:1      | Reached XP level 3. HP: 22/27 MP: 0/0
   787 | D:1      | Learned a level 1 spell: Summon Small Mammal
  1925 | D:2      | Reached XP level 4. HP: 24/32 MP: 0/0
  2776 | D:3      | Reached skill level 4 in Spellcasting
  2905 | D:3      | Found a shimmering altar of Xom.
  2924 | D:3      | Reached XP level 5. HP: 2/38 MP: 0/0
  2924 | D:3      | Learned a level 2 spell: Call Imp
  3972 | D:3      | Found a hazy altar of Hepliaklqana.
  3994 | D:3      | Reached XP level 6. HP: 40/44 MP: 0/0
  4664 | D:4      | Noticed an ogre
  4672 | D:4      | Noticed an ogre
  4678 | D:4      | Killed an ogre
  4873 | D:4      | Killed an ogre
  4874 | D:4      | Reached skill level 5 in Spellcasting
  4874 | D:4      | Reached XP level 7. HP: 39/50 MP: 0/0
  4874 | D:4      | Learned a level 3 spell: Gell's Gravitas
  4963 | D:4      | Found Urotief's Jewellery Emporium.
  5252 | D:4      | Found Qetiloly's Book Shop.
  5424 | D:4      | Slain by a centaur zombie

Illustrated notes

Levels and vault maps discovered:
D:1:      psy_arrival_radial01, layout_basic, basic_ecumenical_altar,
          serial_shops, shop
D:2:      layout_loops_ring
D:3:      layout_basic, nicolae_kikubaaqudgha_miasma_corner, xom_butterflies,
          nicolae_overflow_hidden_temple, lemuel_coloured_pillars_altar,
          item_on_display_a
D:4:      layout_basic, nicolae_yredelemnul_corpse_copse, serial_shops, shop,
          nicolae_shop_stone, shop, minmay_fractal_squares_5

Skill      XL: |  1  2  3  4  5  6 |
---------------+-------------------+-----
Fighting       | 1 2 3 |  3.4
Dodging        | 3 4 |  4.5
Spellcasting   | 4 5 |  5.2
Stealth        | |  1.5

Action                   |  1- 3 |  4- 6 |  7- 9 || total
-------------------------+-------+-------+-------++-------
Melee: Whip              |    29 |    68 |    44 ||   141
 Cast: Freeze            |    33 |    19 |     2 ||    54
       Summon Small Mamm |    17 |    12 |     2 ||    31
       Frozen Ramparts   |     1 |    14 |     5 ||    20
       Call Imp          |       |     4 |     3 ||     7
       Ozocubu's Armour  |       |     3 |     2 ||     5
       Gell's Gravitas   |       |       |     1 ||     1
 Stab: Sleeping          |       |     1 |       ||     1
Armor: Robe              |    12 |    19 |    39 ||    70
Dodge: Dodged            |    34 |    54 |    74 ||   162

Table legend: (Time is in decaauts)
 A = Elapsed time spent in this place.
 B = Non-inter-level travel time spent in this place.
 C = Inter-level travel time spent in this place.
 D = Time resting spent in this place.
 E = Time spent auto-exploring this place.
 F = Levels seen in this place.
 G = Mean time per level.
                   A        B        C        D        E       F      G
               +--------+--------+--------+--------+--------+-----+--------+
         Total |   5437 |   5343 |     94 |   1835 |   2642 |   4 | 1359.2 |
       Dungeon |   5437 |   5343 |     94 |   1835 |   2642 |   4 | 1359.2 |
               +--------+--------+--------+--------+--------+-----+--------+

Top non-repeatable levels by time:
     D:3: 1911 daAuts
     D:1: 1786 daAuts
     D:2: 961 daAuts
     D:4: 777 daAuts
